 Dungeon Crawl Stone Soup version 0.21.1-1-g345015f (webtiles) character file.

28 Mgcat the Digger (level 3, -3/19 HPs)
             Began as a Deep Elf Earth Elementalist on Mar 19, 2018.
             Killed from afar by a dart slug (6 damage)
             ... with a slug dart
             ... on level 2 of the Dungeon.
             The game lasted 00:02:58 (1338 turns).

Mgcat the Digger (Deep Elf Earth Elementalist)      Turns: 1338, Time: 00:02:58

Health: -3/19      AC:  2    Str:  5    XL:     3   Next: 0%
Magic:  7/10       EV: 13    Int: 15    God:
Gold:   74         SH:  0    Dex: 15    Spells: 9/10 levels left

rFire    . . .     SeeInvis .   g - +0 spear
rCold    . . .     Gourm    .   (no shield)
rNeg     . . .     Faith    .   c - +0 robe
rPois    .         Spirit   .   (no helmet)
rElec    .         Reflect  .   (no cloak)
rCorr    .         Harm     .   (no gloves)
MR       .....                  (no boots)
Stlth    ++........             (no amulet)
HPRegen  0.06/turn              h - -5 ring of intelligence (curse)
MPRegen  0.12/turn              (no ring)

@: no status effects
A: no striking features
a: no special abilities


You were on level 2 of the Dungeon.
You were not hungry.

You visited 1 branch of the dungeon, and saw 2 of its levels.

You collected 74 gold pieces.

Inventory:

Hand Weapons
 g - a +0 spear (weapon)
   (You found it on level 1 of the Dungeon)
Missiles
 b - 14 stones (quivered)
Armour
 c - a +0 robe (worn)
Jewellery
 h - a cursed -5 ring of intelligence (left hand)
   (You found it on level 1 of the Dungeon)
 i - an uncursed ring of magical power {unknown}
   (You found it on level 1 of the Dungeon)
Scrolls
 a - 2 scrolls of remove curse {unknown}
 f - 2 scrolls of identify
 j - a scroll of teleportation {unknown}
 m - a scroll of random uselessness {unknown}
Potions
 k - a potion of degeneration {unknown}
Books
 e - a book of Geomancy
Comestibles
 d - a ration
 l - 3 chunks of flesh {@w0}


   Skills:
 - Level 2.4 Dodging
 - Level 2.4 Stealth
 + Level 4.0 Spellcasting
   Level 1.1 Transmutations
 + Level 4.0 Earth Magic


You had 9 spell levels left.
You knew the following spells:

 Your Spells              Type           Power        Failure   Level  Hunger
a - Sandblast             Erth           ###...       3%          1    None


Dungeon Overview and Level Annotations

Branches:
Dungeon (2/15)

Altars:


Message History

The giant cockroach is moderately wounded.
The giant cockroach closely misses you. The giant cockroach bites you.
You are too injured to fight recklessly!
You are too injured to fight recklessly!
You are too injured to fight recklessly!
You are too injured to fight recklessly!
You are too injured to fight recklessly!
Casting: Sandblast
Confirm with . or Enter, or press ? or * to list all spells.
Aiming: Sandblast
Press: ? - help, Shift-Dir - straight line, f/p - giant cockroach
Aim: a giant cockroach (moderately wounded, clinging)
The blast of sand misses the giant cockroach.
b - 17 stones The giant cockroach barely misses you.
Casting: Sandblast
Confirm with . or Enter, or press ? or * to list all spells.
Aiming: Sandblast
Press: ? - help, Shift-Dir - straight line, f/p - giant cockroach
Aim: a giant cockroach (moderately wounded, clinging)
The blast of sand hits the giant cockroach.
You kill the giant cockroach!
Your Spellcasting skill increases to level 4!
Your Earth Magic skill increases to level 4!
b - 16 stones Magic restored.
Some of the chunks of flesh in your inventory have rotted away.
Some of the chunks of flesh in your inventory have rotted away.
You now have 74 gold pieces (gained 5).
a - 2 scrolls labeled ELUDUX RERCHO (gained 1)
A goblin comes into view. It is wielding a dagger.
The goblin shouts!
You hit the goblin.
The goblin is moderately wounded.
The goblin barely misses you.
You hit the goblin.
The goblin is heavily wounded.
The goblin misses you.
You hit the goblin.
You kill the goblin!
No target in view!
No target in view!
No target in view!
Things that are here:
a dagger; a goblin corpse You butcher the goblin corpse.
l - 3 chunks of flesh {@w0} (gained 2)
Things that are here:
a dagger; a goblin skeleton
Things that are here:
a dagger; a goblin skeleton A hobgoblin comes into view.
The hobgoblin shouts!
You hit the hobgoblin.
The hobgoblin is lightly wounded.
The hobgoblin hits you.
A dart slug comes into view.
You are too injured to fight recklessly!
You are too injured to fight recklessly!
You are too injured to fight recklessly!
You are too injured to fight recklessly!
You are too injured to fight recklessly!
You are too injured to fight recklessly!
You completely miss the hobgoblin.
The hobgoblin is lightly wounded.
The hobgoblin hits you.
You hit the hobgoblin.
The hobgoblin is moderately wounded.
The hobgoblin barely misses you.
You hit the hobgoblin but do no damage.
The hobgoblin is moderately wounded.
The hobgoblin hits you. x2
You hit the hobgoblin.
The hobgoblin is severely wounded.
The hobgoblin hits you.
* * * LOW HITPOINT WARNING * * *
Casting: Sandblast
Confirm with . or Enter, or press ? or * to list all spells.
Aiming: Sandblast
Press: ? - help, Shift-Dir - straight line, f - hobgoblin
Aim: a hobgoblin (severely wounded)
The blast of sand hits the hobgoblin.
You kill the hobgoblin!
You have reached level 3!
Your experience leads to an increase in your attributes!
Your base attributes are Str 5, Int 19, Dex 15.
Increase (S)trength, (I)ntelligence, or (D)exterity?
You feel clever.
b - 15 stones
Casting: Sandblast
Confirm with . or Enter, or press ? or * to list all spells.
Aiming: Sandblast
Press: ? - help, Shift-Dir - straight line, f - dart slug
Aim: a dart slug (clinging)
The blast of sand hits the dart slug.
The dart slug is almost dead.
b - 14 stones The dart slug launches a dart at you.
The slug dart hits you!
You die...

##################
#................#######
..##############@.w.....
### #########
############
...........# #
...#######.# .# ##.# #.#
######.## .#.# #.######
#.......# .#.# #(.....#
#.......#


You could see a dart slug.

Vanquished Creatures
  5 bats
  2 giant cockroaches
  6 goblins
  8 hobgoblins
  2 frilled lizards
  2 kobolds
25 creatures vanquished.

Notes
Turn   | Place    | Note
-------+----------+-------------------------------------------
     0 | D:1      | Mgcat the Deep Elf Earth Elementalist began the quest for the Orb.
     0 | D:1      | Reached XP level 1. HP: 10/10 MP: 6/6
   233 | D:1      | Reached XP level 2. HP: 15/15 MP: 3/8
  1201 | D:2      | Reached skill level 4 in Spellcasting
  1201 | D:2      | Reached skill level 4 in Earth Magic
  1335 | D:2      | HP: 2/15 [hobgoblin (4)]
  1336 | D:2      | Reached XP level 3. HP: 3/19 MP: 8/10
  1338 | D:2      | Killed from afar by a dart slug

Skill      XL: |  1  2 |
---------------+-------+-----
Spellcasting   | 4 |  4.0
Earth Magic    | 4 |  4.0
Dodging        | |  2.4
Stealth        | |  2.4
Transmutations | |  1.1

Action                   || total
-------------------------++-------
Melee: Unarmed           ||     1
       Spear             ||    73
 Cast: Sandblast         ||    16
  Use: Scroll            ||     1
 Stab: Sleeping          ||     4
  Eat: Chunk             ||     1
Armor: Robe              ||    11
Dodge: Dodged            ||    42

Vault maps used:
D:1:      evilmike_arrival_grusome_pit, serial_bayou, serial_bayou_lagoon_a,
          serial_bayou_ford_a, serial_bayou_crossing, serial_bayou_shore_b,
          minmay_tree_intersection
D:2:      lemuel_doored_altar

Table legend:
 A = Turns spent in this place as a percentage of turns spent in the entire game.
 B = Non-inter-level travel turns spent in this place as a percentage of non-inter-level travel turns spent in the entire game.
 C = Inter-level travel turns spent in this place as a percentage of turns spent in this place.
 D = Turns resting spent in this place as a percentage of non-inter-level travel turns spent in this place.
 E = Turns spent auto-exploring this place as a percentage of non-inter-level travel turns spent in this place.
 F = Non-inter-level travel turns spent in this place divided by the number of levels of this place that you've seen.
                   A       B       C       D       E      F
               +-------+-------+-------+-------+-------+----------------------
         Total | 100.0 | 100.0 |   2.8 |   0.0 |  84.2 | 650.5
       Dungeon | 100.0 | 100.0 |   2.8 |   0.0 |  84.2 | 650.5
               +-------+-------+-------+-------+-------+----------------------

Table legend:
 A = Kills in this place as a percentage of kills in entire the game.
 B = Kills by you in this place as a percentage of kills by you in the entire game.
 C = Kills by friends in this place as a percentage of kills by friends in the entire game.
 D = Other kills in this place as a percentage of other kills in the entire game.
 E = Experience gained in this place as a percentage of experience gained in the entire game.
 F = Experience gained in this place divided by the number of levels of this place that you have seen.
                   A       B       C       D       E      F
               +-------+-------+-------+-------+-------+----------------------
         Total | 100.0 | 100.0 |   N/A |   N/A | 100.0 |  20.5
       Dungeon | 100.0 | 100.0 |   N/A |   N/A | 100.0 |  20.5
               +-------+-------+-------+-------+-------+----------------------
